 Dungeon Crawl Stone Soup version 0.25-a0-35-g747a2b3c0c (webtiles) character file.

Game seed: 8016731528125422799, levelgen mode: deterministic

496 Esekla the Magician (level 6, 0/32 HPs)
             Began as a Deep Elf Wizard on Oct 19, 2019.
             Shot with an arrow by a centaur (9 damage)
             ... on level 5 of the Dungeon.
             The game lasted 00:48:20 (4416 turns).

Esekla the Magician (Deep Elf Wizard)               Turns: 4416, Time: 00:48:20

Health: 0/32       AC:  3    Str:  8    XL:     6   Next: 93%
Magic:  10/17      EV: 13    Int: 23    God:
Gold:   251        SH:  0    Dex: 15    Spells: 9/18 levels left

rFire    . . .     SeeInvis .   e - +0 short sword
rCold    . . .     Gourm    .   (no shield)
rNeg     . . .     Faith    .   a - +0 robe
rPois    .         Spirit   .   b - +0 hat
rElec    .         Reflect  .   (no cloak)
rCorr    .         Harm     .   (no gloves)
MR       ++...     Clarity  +   k - +0 pair of boots
Stlth    ++........             (no amulet)
HPRegen  0.10/turn              q - ring of protection from magic
MPRegen  0.15/turn              u - ring of protection from magic

@: no status effects
A: agile 1, clarity, strong 1
a: no special abilities


You were on level 5 of the Dungeon.
You were not hungry.

You visited 1 branch of the dungeon, and saw 5 of its levels.
You also visited: Ossuary.

You collected 251 gold pieces.

Inventory:

Hand Weapons
 e - a +0 short sword (weapon)
 h - a +0 trident
Missiles
 i - 9 poisoned darts (quivered)
Armour
 a - a +0 robe (worn)
 b - a +0 hat (worn)
 k - a +0 pair of boots (worn)
Jewellery
 q - a ring of protection from magic (left hand)
 u - a ring of protection from magic (right hand)
Wands
 F - a wand of paralysis (6)
 G - a wand of polymorph (11)
Scrolls
 c - 2 scrolls of remove curse {unknown}
 m - 2 scrolls of amnesia {unknown}
 n - a scroll of fog {unknown}
 o - 2 scrolls of immolation {unknown}
 p - 2 scrolls of teleportation {unknown}
 r - 2 scrolls of blinking {unknown}
 s - a scroll of noise {unknown}
 t - a scroll of fear {unknown}
 v - a scroll of magic mapping {unknown}
 y - a scroll of random uselessness {unknown}
 B - a scroll of torment {unknown}
 H - a scroll of enchant armour {unknown}
Potions
 f - 2 potions of lignification
 g - 3 potions of flight
 j - 2 potions of mutation
 l - 5 potions of curing
 w - a potion of heal wounds {unknown}
 z - 2 potions of resistance
 A - 2 potions of haste
 C - 2 potions of brilliance {unknown}
 D - a potion of might {unknown}
 I - a potion of berserk rage {unknown}
Comestibles
 d - 11 rations
 E - 2 chunks of flesh


   Skills:
 + Level 1.1 Short Blades
 + Level 3.2 Dodging
 - Level 3.0 Stealth
 + Level 6.6 Spellcasting
 * Level 3.3 Conjurations
   Level 1.1 Summonings
 + Level 2.9 Translocations
 * Level 1.5 Fire Magic
 * Level 2.3 Air Magic
 * Level 2.0 Poison Magic


You had 9 spell levels left.
You knew the following spells:

 Your Spells              Type           Power        Failure   Level  Hunger
a - Magic Dart            Conj           ###.         1%          1    None
b - Blink                 Tloc           N/A          3%          2    None
c - Mephitic Cloud        Conj/Pois/Air  ###.....     9%          3    None
f - Conjure Flame         Conj/Fire      ###.....     9%          3    None

Your spell library contained the following spells:

 Spells                   Type           Power        Failure   Level  Hunger
 Call Imp                 Summ           ##......     8%          2    None
 Slow                     Hex            #.......     12%         2    None


Dungeon Overview and Level Annotations

Branches:
Dungeon (5/15)            Ossuary (visited)
 Temple: D:4-7

Altars:


Innate Abilities, Weirdness & Mutations

You are agile. (Dex +2)
You possess an exceptional clarity of mind.
Your muscles are strong. (Str +2)


Message History

A jackal comes into view.
Something barely misses the centaur.
The centaur barely misses the orc.
The centaur seems less confused.
The centaur wields a +0 shortbow.
The centaur shoots an arrow.
The arrow hits you!
You see here an arrow.
The orc priest calls down the wrath of Beogh upon you.
Beogh smites you!
* * * LOW HITPOINT WARNING * * *
Casting: Mephitic Cloud (safe; 9% risk of failure)
Confirm with . or Enter, or press ? or * to list all spells.
Aiming: Mephitic Cloud (safe; 9% risk of failure)
Press: ? - help, Shift-Dir - straight line, f - centaur
Aim: a centaur, wielding a +0 shortbow
Okay, then.
The centaur shoots an arrow.
The arrow closely misses you.
You hear a bark!
You see here an arrow.
The centaur shoots an arrow.
The arrow hits you!
You die...

#.........##..# #..#.#
#.....o(####..####.>.#
##.(..o.# ##..###...#
##...c.######..##.....
#.......##............
#.....h.##............
#.....Y.##............
##....(###..........##
######..@######..........
#........................
#.....#######............
#........................
#....########............
#....# #............
#....# #............
#....# #.)..........
###### ##...........


You could see an ice beast, a centaur, an orc priest, an orc and a jackal.

Vanquished Creatures
  A phantom (D:3)
  A big kobold (D:3)
  An orc priest (D:4)
  2 orc wizards
  A centaur skeleton (D:4)
  2 worker ants
  3 mummies (Ossuary)
  3 adders
  3 adder zombies (Ossuary)
  2 dart slugs (D:1)
  2 leopard geckos
  15 orcs
  4 giant cockroaches
  4 goblins
  9 hobgoblins
  15 jackals
  4 kobolds
  3 quokkas (D:3)
  3 ball pythons
  5 bats
  5 frilled lizards
  A goblin zombie (Ossuary)
  A hobgoblin zombie (Ossuary)
  A kobold zombie (Ossuary)
  An orc zombie (Ossuary)
  5 quokka zombies (Ossuary)
  5 rats
  5 rat zombies (Ossuary)
107 creatures vanquished.

Vanquished Creatures (others)
  A quokka zombie (Ossuary)
1 creature vanquished.

Grand Total: 108 creatures vanquished

Notes
Turn   | Place    | Note
-------+----------+-------------------------------------------
     0 | D:1      | Esekla the Deep Elf Wizard began the quest for the Orb.
     0 | D:1      | Reached XP level 1. HP: 10/10 MP: 7/7
   155 | D:1      | Reached XP level 2. HP: 8/15 MP: 1/9
   162 | D:1      | Learned a level 2 spell: Blink
   247 | D:1      | Reached skill level 5 in Spellcasting
   957 | D:1      | Reached XP level 3. HP: 15/19 MP: 4/11
  1318 | D:2      | Learned a level 3 spell: Mephitic Cloud
  1322 | D:2      | Learned a level 3 spell: Conjure Flame
  1896 | D:3      | Reached XP level 4. HP: 20/24 MP: 13/13
  2065 | D:3      | Gained mutation: You possess an exceptional clarity of
                  | mind. [potion of mutation]
  2065 | D:3      | Gained mutation: Your muscles are strong. (Str +2) [potion
                  | of mutation]
  2065 | D:3      | Gained mutation: You are agile. (Dex +2) [potion of
                  | mutation]
  2392 | D:4      | Noticed a phantom
  2403 | D:4      | Found a sand-covered staircase.
  2413 | D:4      | Noticed a big kobold
  2425 | Ossuary  | Entered an ossuary
  2484 | Ossuary  | Reached XP level 5. HP: 18/28 MP: 5/15
  2492 | Ossuary  | Reached skill level 1 in Air Magic
  3212 | D:3      | Reached skill level 1 in Short Blades
  3212 | D:3      | Reached skill level 6 in Spellcasting
  3212 | D:3      | Reached skill level 1 in Poison Magic
  3639 | D:3      | Reached XP level 6. HP: 32/32 MP: 12/17
  3789 | D:4      | Reached skill level 1 in Fire Magic
  4224 | D:5      | Entered Level 5 of the Dungeon
  4320 | D:5      | Noticed an ice beast
  4416 | D:5      | Shot with an arrow by a centaur

Levels and vault maps discovered:
D:1:      dpeg_arrival_connections, layout_basic
D:2:      layout_rooms, feat_on_display
D:3:      layout_basic, kennysheep_generic_room_13
D:4:      layout_cave_pools, nicolae_ossuary_entry_ruins, first_ration
D:5:      cheibrodos_thug_alley, layout_rooms, xom_teletrap_fun, uniq_grinder

Skill      XL: |  1  2  3  4  5  6 |
---------------+-------------------+-----
Spellcasting   | 5 6 |  6.6
Conjurations   | 2 3 |  3.3
Translocations | 2 |  2.9
Air Magic      | 1 2 |  2.3
Short Blades   | 1 |  1.1
Dodging        | 3 |  3.2
Stealth        | 3 |  3.0
Poison Magic   | 1 2 |  2.0
Fire Magic     | 1 |  1.5
Summonings     | |  1.1

Action                   |  1- 3 |  4- 6 || total
-------------------------+-------+-------++-------
Melee: Short sword       |    28 |    89 ||   117
       Trident           |       |    36 ||    36
Throw: Dart              |       |    34 ||    34
 Cast: Magic Dart        |    93 |   144 ||   237
       Blink             |     3 |    10 ||    13
       Mephitic Cloud    |       |    14 ||    14
       Conjure Flame     |       |     5 ||     5
  Use: Scroll            |       |     6 ||     6
       Potion            |       |     1 ||     1
 Stab: Sleeping          |     7 |     4 ||    11
       Confused          |       |     3 ||     3
  Eat: Chunk             |     3 |     5 ||     8
       Ration            |       |     1 ||     1
Armor: Robe              |    19 |    14 ||    33
Dodge: Dodged            |    72 |    91 ||   163

Table legend:
 A = Non-vault XP
 B = Vault XP
 C = Vault XP percentage of total XP
 D = Non-vault monster count
 E = Vault monster count
 F = Vault count percentage of total count
                 A         B        C        D         E       F
            +---------+---------+-------+---------+---------+-------
      Total |     624 |      85 |  12.0 |      85 |      21 |  19.8
            +---------+---------+-------+---------+---------+-------
        D:1 |      43 |       0 |   0.0 |      22 |       0 |   0.0
        D:2 |      38 |       0 |   0.0 |      15 |       0 |   0.0
        D:3 |     352 |       4 |   1.1 |      30 |       2 |   6.2
        D:4 |     150 |       0 |   0.0 |      14 |       0 |   0.0
        D:5 |      41 |       0 |   0.0 |       4 |       0 |   0.0
    Ossuary |       0 |      81 | 100.0 |       0 |      19 | 100.0
            +---------+---------+-------+---------+---------+-------
